Map: Frostline LE

Players

jcarlos - Winner!

  • Race: Terran Terran
  • Spawn Location: 7:00

WeAreLegion

  • Race: Terran Terran
  • League: Silver
  • Spawn Location: 1:00

VOD

Have the link to the VOD?

Description

Time

  • Played on: Dec. 7, 2024, 9:33 p.m.
  • Length: 27:23
Show
View Real Time Build Order
Export as new Build Order

jcarlos Terran - Winner!

Build Orders: 1/1/1 

Get SALT Encoding   

  12  0:01  SCV  
  13  0:13  SCV  
  14  0:17  Supply Depot  
  14  0:25  SCV  
  14  0:27  Refinery  
  15  0:41  Barracks  
  15  0:45  SCV  
  16  0:54  Refinery  
  16  0:57  SCV  
  17  1:09  SCV  
  18  1:21  SCV  
  19  1:28  Supply Depot  
  19  1:31  Factory  
  19  1:36  Reaper  
  20  1:40  SCV  
  21  1:54  Orbital Command  
  21  2:08  Barracks  
  21  2:13  Barracks Reactor  
  21  2:20  Factory Tech Lab  
  22  2:27  Starport  
  21  2:30  SCV  
  22  3:13  SCV  
  22  3:15  Barracks Tech Lab, Marine  
  22  3:16  Siege Tank  
  22  3:17  Medivac  
  28  3:23  Command Center  
  28  3:25  SCV  
  29  3:32  Marine  
  30  3:38  SCV  
  31  3:43  Stimpack  
  31  4:10  Supply Depot  
  31  4:30  Supply Depot  
  31  4:31  SCV, Marine x3  
  35  4:43  SCV  
  36  4:49  Marine x3  
  39  4:55  SCV  
  40  5:07  Marine x2  
  42  5:20  SCV  
  43  5:24  Siege Tank  
  43  5:25  Starport Reactor  
  46  5:31  Command Center  
  46  5:32  SCV  
  46  5:35  Barracks  
  47  5:38  Barracks  
  47  5:43  SCV  
  47  5:44  SCV  
  49  5:51  Marine  
  49  5:56  Orbital Command  
  50  5:57  SCV  
  51  6:09  SCV  
  52  6:18  Marine x3  
  54  6:21  SCV  
  54  6:22  Combat Shield  
  54  6:25  SCV  
  57  6:33  SCV  
  57  6:35  Supply Depot, Engineering Bay  
  57  6:39  Refinery  
  58  6:41  Refinery  
  58  6:51  Marine  
  58  6:52  Supply Depot, Marine x2  
  61  7:04  Medivac x2  
  66  7:12  Barracks Reactor  
  66  7:15  Barracks  
  66  7:16  Barracks Reactor  
  66  7:17  Marine x2  
  66  7:33  SCV x2  
  66  7:34  SCV  
  66  7:45  SCV x2  
  66  7:46  SCV  
  66  7:51  Marine x4  
  69  7:52  Marine x2  
  69  7:56  Medivac x2  
  69  7:57  SCV  
  80  7:58  Marine  
  80  8:04  Siege Tank  
  84  8:09  Marine  
  70  9:00  SCV  
  49  9:10  Marine x3  
  49  9:11  Marine x3  
  49  9:12  SCV  
  56  9:19  Marine  
  56  9:21  Liberator x2  
  56  9:23  Marine  
  64  9:28  Marine x4  
  64  9:29  Marine x2  
  64  9:31  SCV x3  
  71  9:36  Marine  
  74  9:41  Marine  
  74  9:43  SCV x2  
  77  9:46  Marine x3  
  77  9:50  Marine x2  
  82  9:57  Starport  
  82  9:58  Starport  
  82  10:00  Starport  
  82  10:04  Liberator  
  82  10:05  Marine  
  82  10:06  Marine x4  
  90  10:18  SCV, Marine  
  90  10:19  Marine  
  93  10:47  Marine x3  
  93  10:55  Marine  
  87  11:24  SCV  
  87  11:25  SCV x2  
  90  11:36  SCV  
  90  11:37  SCV x2  
  92  11:48  SCV  
  92  11:52  SCV  
  82  12:35  SCV  
  82  12:36  SCV  
  79  12:39  Refinery x2  
  79  12:42  Starport x2  
  79  12:43  Supply Depot, Starport  
  79  12:45  Supply Depot x2  
  79  12:54  SCV x3, Marine  
  79  12:55  Marine  
  84  13:01  Marine  
  84  13:02  Starport Reactor  
  84  13:03  Starport Reactor x2, Viking  
  87  13:06  SCV x3  
  87  13:09  Engineering Bay  
  87  13:10  Armory  
  87  13:12  Marine x3, Armory x2  
  93  13:14  Siege Tank  
  93  13:16  Viking  
  93  13:18  SCV x2, Marine x2  
  102  13:33  Viking  
  104  13:45  Viking x2  
  104  13:46  Siege Tank, Viking x3  
  104  13:48  Command Center  
  117  14:13  Planetary Fortress  
  117  14:14  Viking  
  114  14:41  Siege Tank  
  109  14:49  Viking  
  109  14:50  Viking x2  
  109  14:51  Viking x3  
  100  15:06  Marine x4  
  100  15:07  Marine x4  
  107  15:16  Command Center  
  107  15:17  Siege Tank  
  107  15:19  Viking  
  109  15:21  Viking  
  109  15:24  Marine  
  109  16:13  Viking  
  109  16:15  Marine  
  109  16:28  SCV, Marine, Siege Tank, Viking x4  
  109  16:31  SCV  
  122  16:37  Starport Reactor x3  
  122  16:40  SCV  
  122  16:43  SCV  
  124  16:52  Command Center  
  124  16:57  Terran Vehicle Weapons Level 1  
  124  17:00  Terran Ship Weapons Level 1  
  124  17:04  Terran Vehicle And Ship Armor Level 1  
  124  17:08  Terran Infantry Weapons Level 1  
  124  17:13  Orbital Command  
  124  17:27  Orbital Command  
  124  17:28  Refinery  
  124  17:30  Refinery  
  124  17:32  Orbital Command  
  124  17:33  Refinery  
  124  18:01  Marine  
  124  18:03  Siege Tank, Marine, Viking x5  
  124  18:04  SCV  
  139  18:16  SCV  
  139  18:26  Command Center  
  139  18:30  Command Center  
  138  19:18  Siege Tank  
  138  19:19  Viking  
  130  19:50  Siege Tank  
  115  20:15  Viking  
  115  20:16  Viking x13  
  115  20:17  Marine x8  
  149  20:22  Siege Tank  
  150  20:30  SCV  
  150  20:35  Marine x5  
  144  20:39  SCV, Marine  
  144  20:40  Marine  
  144  20:42  Marine  
  151  20:45  Viking  
  151  20:46  Viking x5  
  164  20:52  Marine  
  164  20:53  Factory, Viking  
  164  20:57  Factory  
  169  21:07  Marine x3  
  147  22:08  Starport Reactor  
  147  22:11  Orbital Command  
  147  22:12  SCV  
  147  22:13  SCV  
  147  22:15  SCV, Starport Reactor  
  149  22:18  Starport Reactor  
  150  22:25  SCV x2  
  150  22:28  SCV  
  153  22:37  SCV  
  154  22:47  Terran Vehicle Weapons Level 2, Terran Ship Weapons Level 2  
  154  22:48  Terran Vehicle And Ship Armor Level 2  
  153  23:10  Marine  
  154  23:20  Terran Infantry Weapons Level 2  
  154  23:25  Planetary Fortress  
  154  24:01  Viking  
  154  24:03  Marine x2  
  154  24:05  Viking  
  154  24:33  Viking  
  154  24:34  Viking  
  154  24:55  Refinery  
  154  24:57  Factory Tech Lab x2  
  154  25:16  Terran Infantry Armor Level 1  
  154  25:35  Viking  
  148  26:19  Supply Depot  
  148  26:20  Supply Depot  
  148  26:21  Supply Depot  
  148  26:23  Supply Depot  
  148  26:24  Supply Depot  
  148  26:25  Supply Depot  
  148  26:36  Starport Reactor  
  148  26:41  Marine x3  
  148  26:42  SCV, Marine x3, Viking, Medivac x3  
  148  26:43  Starport Reactor  
  148  26:44  SCV, Starport Reactor, Marine x2, Medivac x2  
  148  26:46  Siege Tank, Medivac, Viking  
  177  26:47  Siege Tank  
  180  27:00  Marine  
  180  27:13  Factory Tech Lab  
Show
View Real Time Build Order
Export as new Build Order

WeAreLegion Terran 

Build Orders:  

Get SALT Encoding   

  12  0:00  SCV  
  13  0:12  SCV  
  14  0:17  Supply Depot  
  14  0:24  SCV  
  15  0:39  SCV  
  15  0:41  Barracks  
  16  0:45  Refinery  
  16  0:51  SCV  
  16  0:55  Refinery  
  17  1:04  SCV  
  18  1:16  SCV  
  19  1:28  Orbital Command  
  19  1:30  Reaper  
  20  1:48  Supply Depot  
  20  1:56  SCV  
  21  2:05  Marine  
  22  2:08  SCV  
  23  2:20  SCV, Command Center  
  24  2:28  Barracks Reactor  
  24  2:32  Factory  
  24  2:33  SCV  
  24  3:09  SCV  
  24  3:10  Marine x2  
  27  3:19  Hellion  
  29  3:21  SCV  
  30  3:28  Marine  
  31  3:36  Supply Depot  
  31  3:43  Factory Tech Lab  
  31  3:47  Starport  
  31  3:53  Barracks  
  31  3:57  SCV, Marine x2  
  31  4:01  Siege Tank, Barracks  
  37  4:09  SCV  
  38  4:15  Marine  
  38  4:16  Supply Depot  
  39  4:23  Supply Depot  
  39  4:29  SCV, Marine  
  41  4:33  Marine  
  41  4:41  SCV  
  41  4:47  Marine  
  42  5:05  Orbital Command  
  42  5:20  SCV  
  43  5:22  Marine x2  
  43  5:25  Barracks Tech Lab  
  43  5:26  Barracks Reactor  
  43  5:27  Siege Tank  
  43  5:28  Medivac  
  50  5:32  SCV  
  50  5:34  SCV  
  52  5:39  Supply Depot, Marine  
  52  5:40  Marine  
  54  5:44  SCV, Engineering Bay  
  54  5:46  SCV  
  54  5:47  Marine  
  57  5:56  SCV  
  58  5:57  Marine x2  
  58  5:58  SCV  
  61  6:07  Medivac  
  61  6:09  SCV  
  61  6:10  SCV  
  61  6:11  Marine x3  
  67  6:14  Siege Tank  
  67  6:15  Marine x2  
  73  6:21  SCV  
  73  6:23  SCV  
  75  6:28  Marine, Refinery  
  75  6:29  Supply Depot, Marine  
  75  6:32  Supply Depot  
  77  6:33  Marine  
  77  6:36  Missile Turret  
  78  6:51  SCV x2, Marauder  
  78  6:52  Missile Turret  
  82  6:58  Supply Depot  
  82  7:00  Supply Depot  
  82  7:03  SCV x2, Terran Infantry Weapons Level 1  
  82  7:04  Stimpack  
  84  7:12  Barracks  
  84  7:13  Barracks  
  84  7:16  Armory  
  84  7:17  Marine x2  
  84  7:18  Marine x3  
  84  7:22  Missile Turret  
  89  7:26  Supply Depot  
  89  7:28  Supply Depot  
  89  7:35  Marine  
  90  7:47  Marine x4  
  90  7:48  Siege Tank  
  97  7:53  Marine, Missile Turret  
  97  7:58  Refinery  
  98  8:01  Barracks Tech Lab  
  98  8:02  Barracks Reactor  
  98  8:05  Marine x3  
  103  8:06  Marauder  
  103  8:11  Marine  
  100  8:22  Marine  
  100  8:23  Marine  
  92  8:27  Marauder  
  92  8:33  Marine x3  
  95  8:40  Marine x2  
  92  8:48  Marauder  
  92  8:51  Marine x2, Marauder  
  81  9:10  Marauder  
  81  9:12  Marine x5  
  81  9:13  Marine, Marauder  
  81  9:14  Siege Tank  
  92  9:29  Command Center  
  92  9:30  Marine  
  95  9:31  Marauder  
  95  9:34  Marauder  
  97  9:46  Siege Tank  
  102  9:52  Marauder  
  102  9:56  Marauder  
  100  10:14  Marauder  
  100  10:17  Marauder  
  87  10:45  Marine x3  
  87  10:46  Marine x3, Marauder x2  
  87  10:47  Medivac  
  70  11:04  Orbital Command  
  70  11:05  SCV x2  
  70  11:08  Marauder  
  70  11:11  Marine x7  
  72  11:12  Siege Tank  
  72  11:15  Combat Shield  
  72  11:17  SCV x2, Medivac  
  85  11:21  Terran Infantry Weapons Level 2  
  85  11:26  Engineering Bay  
  85  11:28  Marine  
  85  11:29  SCV, Marauder  
  85  11:30  Marauder  
  91  11:34  Marine x4  
  95  11:45  Siege Tank  
  93  11:47  Medivac  
  93  11:50  Marine x2  
  93  11:51  Marine x2, Marauder x2  
  93  11:52  Marine x2  
  100  12:08  Marine x2  
  99  12:09  Marine x3  
  99  12:12  Marauder x2  
  102  12:17  Siege Tank  
  105  12:33  Marauder  
  106  12:44  Supply Depot  
  106  12:47  Supply Depot  
  106  12:55  Command Center  
  106  13:14  Supply Depot  
  106  13:16  Supply Depot  
  106  13:31  Marine x3  
  106  13:32  Marine x4, Marauder  
  115  13:41  Command Center  
  115  13:54  Marauder  
  117  14:05  Marine  
  117  14:06  Marine x6  
  123  14:15  Marine  
  124  14:25  Marauder  
  126  14:33  Marauder  
  106  14:46  Marauder  
  94  15:02  Marine x2  
  94  15:03  Viking  
  94  15:33  SCV, Viking  
  98  15:38  Orbital Command  
  98  15:39  Marine x6, Starport  
  98  15:40  Marauder x2  
  107  15:45  SCV  
  107  15:49  Terran Infantry Armor Level 1  
  108  15:50  Terran Infantry Weapons Level 3  
  108  15:54  Concussive Shells  
  108  15:57  SCV  
  111  16:06  Orbital Command  
  111  16:09  SCV  
  111  16:11  SCV  
  113  16:14  Marine x3  
  116  16:20  Starport Reactor  
  116  16:21  SCV, Marine  
  116  16:22  Marine x2, Marauder  
  116  16:23  SCV, Marauder, Widow Mine  
  125  16:33  SCV  
  125  16:35  SCV  
  127  16:42  SCV, Missile Turret x2  
  127  16:45  SCV, Widow Mine  
  127  16:46  Marine x3  
  134  16:47  SCV  
  135  16:54  SCV, Terran Ship Weapons Level 1  
  135  16:57  SCV  
  135  16:59  SCV  
  138  17:04  Missile Turret  
  138  17:06  Widow Mine  
  138  17:07  SCV  
  141  17:09  SCV  
  141  17:12  Starport Reactor  
  142  17:30  Command Center  
  142  17:35  SCV, Refinery  
  142  17:36  SCV x2  
  145  17:38  Marine  
  145  17:39  Marine x5  
  145  17:40  Marauder x2  
  155  17:48  SCV x3  
  157  18:00  SCV x3  
  157  18:01  Marauder x2  
  164  18:12  Marine  
  165  18:13  Marine x5  
  165  18:14  Viking  
  172  18:22  Marine  
  173  18:27  Supply Depot  
  173  18:29  Supply Depot  
  173  18:41  SCV x2, Marine x5, Viking x2  
  173  18:42  Marauder x2  
  188  18:49  SCV, Siege Tank, Viking x2  
  188  18:50  Supply Depot  
  188  18:52  Supply Depot  
  188  18:53  SCV  
  197  19:11  Viking  
  199  19:21  Siege Tank  
  175  19:28  Ghost Academy  
  166  19:53  Siege Tank  
  137  20:45  Orbital Command  
  137  20:51  Marine x6  
  137  20:52  Marauder  
  131  21:13  Marauder  
  68  21:35  Marauder  
  61  21:41  Orbital Command  
  61  21:44  SCV x2  
  63  21:52  Viking x4  
  78  21:56  SCV x2  
  74  22:08  SCV x2, Thor  
  75  22:20  SCV x2  
  75  22:22  Refinery, Viking  
  79  22:23  Refinery  
  79  22:31  Refinery  
  79  22:34  Refinery  
  79  22:51  Thor  
  83  22:53  Missile Turret  
  83  22:57  Missile Turret  
  83  23:04  Missile Turret  
  83  23:05  Missile Turret  
  83  23:06  Missile Turret  
  83  23:08  SCV x3  
  86  23:17  Marine x5  
  86  23:18  Marine, Marauder  
  94  23:20  SCV x3  
  97  23:27  Missile Turret  
  97  23:29  Factory  
  97  23:31  Marine  
  97  23:32  SCV  
  97  23:34  Thor  
  105  23:35  Marine x3  
  105  23:40  Marauder  
  110  23:41  Marine x3  
  103  24:01  Marauder  
  93  24:16  Thor  
  89  24:57  SCV  
  89  24:58  Command Center  
  89  24:59  Thor  
  96  25:09  SCV  
  97  25:15  Command Center  
  97  25:16  Marine x6  
  97  25:17  Marine, Marauder  
  97  25:20  Viking x2  
  97  25:21  SCV  
  111  25:33  SCV  
  112  25:38  Marauder  
  112  25:42  Siege Tank  
  117  25:45  SCV  
  117  25:46  Command Center  
  118  25:50  Viking  
  118  25:51  Marine x3  
  123  26:00  Marauder  
  104  26:14  Thor  
  110  26:21  Marauder  
  108  26:57  Marine x4  
Tags
 
League
Silver
Matchup
TvT
Opening
1/1/1
Race
Terran
Replay Pack
December
Spawn Locations
Cross Positions
Add a new tag
Caveats
  • Supply blocks, unpowered buildings, or Contaminate may cause inaccurate times.
  • Supply counts are checked every 10 seconds.